 Dungeon Crawl Stone Soup version 0.26-a0-259-g1effd001a9 (webtiles) character file.

Game seed: 7355318910180594387

0 HoaS the Bolt Thrower (level 1, -2/12 HPs)
             Began as a Kobold Hunter on July 24, 2020.
             Slain by a kobold
             ... wielding a +0 short sword
              (4 damage)
             ... on level 1 of the Dungeon.
             The game lasted 00:01:46 (20 turns).

HoaS the Bolt Thrower (Kobold Hunter)                 Turns: 20, Time: 00:01:46

Health: -2/12      AC:  3    Str:  9    XL:     1   Next: 0%
Magic:  1/1        EV: 14    Int: 12    God:
Gold:   0          SH:  0    Dex: 15    Spells: 0/0 levels left

rFire    . . .     SeeInvis .   b - +0 short sword
rCold    . . .     Faith    .   (shield restricted)
rNeg     . . .     Spirit   .   c - +0 leather armour
rPois    .         Reflect  .   (no helmet)
rElec    .         Harm     .   (no cloak)
rCorr    .                      (no gloves)
MR       .....                  (no boots)
Stlth    ++........             (no amulet)
HPRegen  0.04/turn              (no ring)
MPRegen  0.07/turn              (no ring)

@: no status effects
A: small
a: no special abilities


You were on level 1 of the Dungeon.
You were not hungry.

You visited 1 branch of the dungeon, and saw 1 of its levels.

Inventory:

Hand Weapons
 a - a +1 hand crossbow
 b - a +0 short sword (weapon)
Missiles
 d - 20 bolts
Armour
 c - a +0 leather armour (worn)
Comestibles
 f - 2 rations


   Skills:
 + Level 2.1 Fighting
 * Level 4.8 Crossbows
 - Level 2.4 Dodging
 - Level 1.3 Stealth


You couldn't memorise any spells.
You didn't know any spells.
Your spell library was empty.

Dungeon Overview and Level Annotations

Branches:
Dungeon (1/15)

Altars:


Message History

You completely miss the kobold.
The tentacle slaps the minotaur!!
The minotaur dies!
The tentacle completely misses the octopode.
The tentacle slaps the ghoul!
The rat closely misses you.
The kraken bites the vampire!!
The vampire is destroyed!
The tentacle slaps the octopode! x2; The tentacle slaps the ghoul!!
The kobold misses you. x2; The rat bites you but does no damage.
You closely miss the kobold.
The tentacle slaps the octopode.
The tentacle slaps the octopode!
The kraken bites the octopode!!!
The octopode dies!
The tentacle slaps the ghoul!!
The ghoul is destroyed!
The kobold barely misses you.
The kobold hits you with a +0 short sword.
* * * LOW HITPOINT WARNING * * *
The rat barely misses you.
You closely miss the kobold. The kobold hits you but does no damage.
The kobold hits you with a +0 short sword.
You die...

#...# .#.###
#...######......
#...............
#.......<.....##
#####...............
.........#######....
.........#.†[.†#....
.........#†X≈≈†#..#.
......K@.#.≈≈≈.#..#
..(...Kr.#.≈≈≈†#..#
.....%...#....†#..#
.........#######..#
.......#........
....... #......
....... #.####
....... .#


You could see 2 kobolds, a rat and a neutral kraken (wandering).

Vanquished Creatures (others)
  2 ghouls (D:1)
  2 minotaurs (D:1)
  An octopode (D:1)
  A draconian (D:1)
  An elf (D:1)
  A troll (D:1)
  A vampire (D:1)
  A dwarf (D:1)
  A mummy (D:1)
  An orc (D:1)
  5 tentacles (D:1)
17 creatures vanquished.

Notes
Turn   | Place    | Note
-------+----------+-------------------------------------------
     0 | D:1      | HoaS the Kobold Hunter began the quest for the Orb.
     0 | D:1      | Reached XP level 1. HP: 12/12 MP: 1/1
     0 | D:1      | Noticed an octopode
     0 | D:1      | Noticed a dwarf
     0 | D:1      | Noticed a troll
     0 | D:1      | Noticed a minotaur
     0 | D:1      | Noticed a minotaur
     0 | D:1      | Noticed a kraken
     0 | D:1      | Noticed a vampire
     0 | D:1      | Noticed a ghoul
     0 | D:1      | Noticed a ghoul
     0 | D:1      | Noticed a draconian
     0 | D:1      | Noticed an elf
     4 | D:1      | Killed a draconian
     6 | D:1      | Killed an elf
    11 | D:1      | Killed a ghoul
    12 | D:1      | Killed a dwarf
    13 | D:1      | Killed a troll
    14 | D:1      | Killed a minotaur
    18 | D:1      | Killed a minotaur
    18 | D:1      | Killed a vampire
    19 | D:1      | Killed an octopode
    19 | D:1      | Killed a ghoul
    20 | D:1      | Slain by a kobold

Illustrated notes

Levels and vault maps discovered:
D:1:      nicolae_arrival_kraken_aquarium_a, layout_basic

Action                   || total
-------------------------++-------
Melee: Short sword       ||     3
Armor: Leather armour    ||     2
Dodge: Dodged            ||     6

Table legend:
 A = Non-vault XP
 B = Vault XP
 C = Vault XP percentage of total XP
 D = Non-vault monster count
 E = Vault monster count
 F = Vault count percentage of total count
                 A         B        C        D         E       F
            +---------+---------+-------+---------+---------+-------
      Total |       0 |       0 |   N/A |       0 |       0 |  -nan
            +---------+---------+-------+---------+---------+-------
            +---------+---------+-------+---------+---------+-------
